 Dungeon Crawl Stone Soup version 0.31-a0-858-g469dc525a8 (webtiles) character file.

Game seed: 18037356877140968843

197950 CrazyBamboolord the Warrior (level 18, -2/206 HPs)
             Began as an Ogre Fighter on Oct 8, 2023.
             Was a High Priest of Okawaru.
             Slain by a stone giant zombie (23 damage)
             ... on level 2 of the Abyss on Oct 9, 2023.
             The game lasted 01:16:44 (40693 turns).

CrazyBamboolord the Warrior (Ogre Fighter)         Turns: 40693, Time: 01:16:44

Health: -2/206     AC: 29    Str: 31      XL:     18   Next: 87%
Magic:  27/27      EV: 11    Int:  0 (9)  God:    Okawaru [*****.]
Gold:   991        SH: 14    Dex:  8      Spells: 17/17 levels left

rFire   + . .        a - +3 broad axe (venom)
rCold   + . .        x - +2 kite shield {AC+3}
rNeg    . . .        R - +4 gold dragon scales
rPois   +            B - +2 hat
rElec   .            h - +2 cloak
rCorr   .            (gloves unavailable)
SInv    +            (boots unavailable)
Will    +....        N - amulet of the acrobat Stlth
                     o - +5 ring of evasion
HPRegen 0.54/turn    s - ring of see invisible
MPRegen 0.20/turn

%: acrobat
@: slowed, lost intelligence, unable to read, very slow
A: large, unfitting armour, tough skin 1, horns 2, MP-powered wands
a: Renounce Religion, Heroism, Finesse, Duel


You were on level 2 of the Abyss.
You worshipped Okawaru.
Okawaru was extremely pleased with you.
You visited 7 branches of the dungeon, and saw 28 of its levels.
You visited the Abyss 1 time.
You also visited: Ice Cave.

You collected 3694 gold pieces.
You spent 2703 gold pieces at shops.

Inventory:

Hand Weapons
 a - a +3 broad axe of venom (weapon)
 b - a +2 hand axe of flaming
Missiles
 C - 6 throwing nets
 F - 11 silver javelins (quivered)
 L - 9 javelins
 P - 24 large rocks
Armour
 h - a +2 cloak (worn)
 x - a +2 kite shield of protection (worn)
 B - a +2 hat (worn)
 G - +0 acid dragon scales
 M - the +3 robe of Clouds {*Thunder rCloud rElec}
   (Okawaru gifted it to you on level 2 of the Lair of Beasts)

   *Thunder:  It occasionally creates storm clouds above nearby enemies.
   rCloud:    It grants its wearer immunity to clouds.
   rElec:     It insulates you from electricity.
 R - +4 gold dragon scales (worn)
Jewellery
 g - a ring of protection from cold
 k - a ring of flight
 o - a +5 ring of evasion (left hand)
 p - a ring of protection from cold
 s - a ring of see invisible (right hand)
 H - a +5 ring of evasion
 K - a ring of resist corrosion
 N - an amulet of the acrobat (around neck)
 O - a ring of ice
Wands
 c - a wand of light (14)
 f - a wand of roots (17)
 l - a wand of flame (23)
 q - a wand of mindburst (11)
 X - a wand of polymorph (5)
Scrolls
 d - 3 scrolls of fear
 j - 2 scrolls of blinking
 m - 2 scrolls of noise
 t - 4 scrolls of revelation
 v - 4 scrolls of vulnerability
 w - a scroll of poison
 y - 3 scrolls of identify
 z - 5 scrolls of immolation
 D - 3 scrolls of silence
 I - 5 scrolls of fog
 S - a scroll of torment
 T - 4 scrolls of teleportation
 V - a scroll of amnesia
Potions
 e - 4 potions of mutation
 i - 5 potions of lignification
 n - 3 potions of haste
 r - 2 potions of invisibility
 u - a potion of attraction
 E - 3 potions of brilliance
 J - a potion of magic
 U - a potion of enlightenment
 W - a potion of heal wounds
 Y - a potion of resistance


   Skills:
 + Level 18.8 Fighting
 * Level 16.0 Axes
 + Level 10.4 Throwing
 - Level 8.0 Armour
 * Level 13.3 Dodging
 - Level 15.0 Shields
 - Level 12.0 Invocations


You had 17 spell levels left.
You didn't know any spells.
Your spell library contained the following spells:

 Spells                   Type           Power      Damage    Failure   Level
 Freeze                   Ice            0%         1d3       100%        1
 Kiss of Death            Conj/Necr      0%         2d5       100%        1
 Shock                    Conj/Air       0%         1d3       100%        1
 Blink                    Tloc           0%         N/A       100%        2
 Jinxbite                 Hex            0%         N/A       100%        2
 Lesser Beckoning         Tloc           0%         N/A       100%        2
 Poisonous Vapours        Pois/Air       0%         N/A       100%        2
 Sublimation of Blood     Necr           0%         N/A       100%        2
 Wereblood                Tmut           0%         N/A       100%        2
 Confusing Touch          Hex            0%         N/A       100%        3
 Frozen Ramparts          Ice            0%         1d1       100%        3
 Gell's Gravitas          Tloc           0%         N/A       100%        3
 Hailstorm                Conj/Ice       0%         3d3       100%        3
 Ignite Poison            Fire/Tmut/Pois 0%         N/A       100%        3
 Mephitic Cloud           Conj/Pois/Air  0%         N/A       100%        3
 Ozocubu's Armour         Ice            0%         N/A       100%        3
 Swiftness                Air            0%         N/A       100%        3
 Teleport Other           Tloc           0%         N/A       100%        3
 Volatile Blastmotes      Fire/Tloc      0%         2d10      100%        3
 Airstrike                Air            0%         2d(0-16)  100%        4
 Anguish                  Hex/Necr       0%         N/A       100%        4
 Cause Fear               Hex            0%         N/A       100%        4
 Dispel Undead            Necr           0%         3d6       100%        4
 Fulminant Prism          Conj/Hex       0%         3d5       100%        4
 Iskenderun's Mystic Bla  Conj/Tloc      0%         2d3       100%        4
 Leda's Liquefaction      Hex/Erth       0%         N/A       100%        4
 Manifold Assault         Tloc           0%         N/A       100%        4
 Petrify                  Tmut/Erth      0%         N/A       100%        4
 Sticky Flame             Conj/Fire      0%         2d3       100%        4
 Vhi's Electric Charge    Tloc/Air       0%         N/A       100%        4
 Arcjolt                  Conj/Air       0%         1d10      100%        5
 Freezing Cloud           Conj/Ice/Air   0%         6-21      100%        5
 Irradiate                Conj/Tmut      0%         3d11      100%        5
 Lee's Rapid Deconstruct  Erth           0%         3d4*      100%        5
 Metabolic Englaciation   Hex/Ice        0%         N/A       100%        5
 Silence                  Hex/Air        0%         N/A       100%        5
 Bombard                  Conj/Erth      0%         9d1       100%        6
 Enfeeble                 Hex            0%         N/A       100%        7
 Ozocubu's Refrigeration  Ice            0%         4d7       100%        7
 Ignition                 Fire           0%         3d3       100%        8
 Maxwell's Capacitive Co  Air            0%         ∞         100%        8
 Animate Armour           Summ/Erth      Unusable   N/A       N/A         4
 Summon Lightning Spire   Summ/Air       Unusable   N/A       N/A         4
 Simulacrum               Ice/Necr       Unusable   N/A       N/A         6

Dungeon Overview and Level Annotations

Branches:
Dungeon (15/15)            Temple (1/1) D:5            Lair (5/5) D:9
 Shoals (3/4) Lair:3       Spider (1/4) Lair:3        Slime (0/5) Lair:4
    Orc (2/2) D:10            Elf (1/3) Orc:2        Vaults (0/5) D:13
 Depths (0/4) D:15          IceCv (visited)

Altars:
Ashenzari
Cheibriados
Dithmenos
Elyvilon
Fedhas
Gozag
Hepliaklqana
Kikubaaqudgha
Makhleb
Nemelex Xobeh
Okawaru
Qazlal
Ru
Sif Muna
Trog
Uskayaw
Vehumet
Wu Jian
Xom
Yredelemnul
Zin
The Shining One
Jiyva

Shops:
D:4 (:[!:   D:9 [   Orc:2 ([*(   Shoals:1 *   Shoals:3 ?

Annotations:
D:12 1 runed translucent door, Lernaean hydra


Innate Abilities, Weirdness & Mutations

You are too large for most types of armour.
You have tough skin. (AC +1)
You have a pair of horns on your head.
You expend magic power (3 MP) to strengthen your wands.


Message History

You block the death drake's attack.
Unknown command.
You hit the death drake. Your headbutt misses the death drake.
The death drake is almost dead.
You block the death drake's attack. The death drake breathes miasma at you.
The foul vapour misses you.
Unknown command.
You closely miss the death drake.
You headbutt the death drake, but do no damage.
The death drake is almost dead.
You are engulfed in dark miasma.
You feel as though you will be slow longer.
* * * LOW HITPOINT WARNING * * *
The death drake breathes miasma at you. The foul vapour misses you.
You barely miss the death drake. Your headbutt misses the death drake.
The death drake is almost dead.
You are engulfed in dark miasma.
* * * LOW HITPOINT WARNING * * *
You kill the death drake!
Okawaru accepts your kill.
Unknown command.
You feel better.
You are engulfed in dark miasma.
You feel as though you will be slow longer.
* * * LOW HITPOINT WARNING * * *
The stone giant zombie misses you.
Unknown command.
You hit the stone giant zombie.
You headbutt the stone giant zombie, but do no damage.
The stone giant zombie is heavily damaged.
You block the stone giant zombie's attack.
You hit the stone giant zombie.
The stone giant zombie is heavily damaged.
The stone giant zombie barely misses you.
You slash the stone giant zombie!
You headbutt the stone giant zombie, but do no damage.
The stone giant zombie is heavily damaged.
The stone giant zombie hits you!!
You die...

.. ## ##
# #. ..#
##.###.#
#.. #Z.#
##..#
#Z###.
.# #@#
.# ##.#
# #
#..#. #
# .##.#
## .# ##
.. .. *
# ## # #
#. # # #
# #


You could see a stone giant zombie.

Vanquished Creatures
  A bone dragon (Abyss:2)
  A hellephant (Abyss:2)
  2 krakens (Shoals:1)
  2 tentacled starspawn (Abyss:2)
  Frances (Arena)
  2 orc warlords
  A broodmother (Spider:1)
  4 very ugly things
  A spark wasp (Spider:1)
  2 blizzard demons (IceCv)
  2 merfolk javelineers
  4 merfolk impalers
  45 hydras
  A great orb of eyes (Abyss:2)
  A caustic shrike simulacrum (IceCv)
  A rakshasa (Abyss:2)
  2 catoblepae
  4 centaur warriors
  A radroach (Spider:1)
  25 death yaks
  6 two-headed ogres
  6 dancing weapons (Elf:1)
  2 boulder beetles (D:13)
  2 merfolk avatars
  A merfolk aquamancer (Shoals:3)
  3 demonic crawlers (Spider:1)
  Urug (Lair:1)
  2 thrashing horrors (Abyss:2)
  A soul eater (Abyss:2)
  2 orc high priests
  The ghost of Hisole the Geomancer, a novice GrEE of Vehumet (Lair:1)
  3 deep elf knights (Elf:1)
  6 skysharks
  A sun demon (D:12)
  3 wretched stars (Abyss:2)
  3 pharaoh ants (Spider:1)
  5 skeletal warriors
  Lodul (D:12)
  Amaemon (Lair:1)
  A death drake (Abyss:2)
  5 sea snakes
  A glowing orange brain (Abyss:2)
  10 harpies
  An obsidian statue (IceCv)
  4 spriggan simulacra (IceCv)
  9 deep elf zephyrmancers
  4 orc knights
  A wizard (D:14)
  A necromancer (Orc:1)
  5 orc sorcerers
  10 deep elf pyromancers
  3 oklob plants (Lair:1)
  3 ugly things
  7 wolf spiders
  8 fauns
  2 starcursed masses (Abyss:2)
  10 manticores
  A moth of wrath (Spider:1)
  8 merfolk sirens
  3 cyclopes
  A rust devil (D:12)
  Joseph (D:8)
  3 black mambas
  3 water nymphs
  An apocalypse crab (Arena)
  16 cane toads
  4 smoke demons
  A torpor snail (Spider:1)
  2 orange demons
  3 gargoyles
  6 rime drakes
  A kobold demonologist (D:9)
  Maggie (Lair:2)
  An efreet (D:15)
  6 komodo dragons
  4 freezing wraiths
  10 ice devils
  3 ancient zymes (Abyss:2)
  A red devil (D:12)
  2 golden dragon simulacra (IceCv)
  A wind drake (shapeshifter) (D:15)
  11 trolls
  23 merfolk
  14 hornets
  3 polar bears
  4 large abominations (Abyss:2)
  7 tarantellas (Spider:1)
  6 wind drakes
  An ettin zombie (Orc:1)
  6 meliai
  An alligator simulacrum (IceCv)
  18 dream sheep
  6 blink frogs
  2 raiju (Abyss:2)
  4 snapping turtles
  2 shadows
  10 jumping spiders (Spider:1)
  3 slime creatures (D:12)
  17 yaks
  4 water elementals
  5 culicivoras (Spider:1)
  3 wraiths
  A vampire (D:12)
  A golden eye (Abyss:2)
  4 basilisks
  17 spriggans
  4 wyverns
  4 ynoxinuls
  5 dire elephant simulacra (IceCv)
  A fire elemental (Elf:1)
  A redback (shapeshifter) (D:13)
  A hog (shapeshifter) (D:12)
  25 redbacks
  4 neqoxecs
  5 steam dragons
  14 minotaur simulacra (IceCv)
  2 chaos spawn
  4 vampire mosquitoes (D:13)
  2 harpy simulacra (IceCv)
  Menkaure (D:7)
  6 wargs
  5 acid dragons
  A hydra simulacrum (IceCv)
  Duvessa (D:7)
  29 water moccasins
  A floating eye (Lair:1)
  4 ice beasts
  35 orc warriors
  4 black bears (Lair:5)
  8 small abominations (Abyss:2)
  26 wolves
  4 boggarts
  16 ogres
  12 centaurs
  3 phantoms
  5 kobold brigands
  2 gnoll sergeants
  3 scorpions
  11 bullfrogs
  A cyclops skeleton (Orc:1)
  8 deep troll simulacra (IceCv)
  9 wights
  Dowan (D:7)
  13 killer bees
  3 lindwurm simulacra (IceCv)
  A howler monkey (D:11)
  2 hounds (D:4)
  10 jellies (Lair:4)
  7 quasits
  A gnoll bouda (D:7)
  17 orc priests
  3 iguanas
  30 orc wizards
  An ogre zombie (Orc:1)
  15 gnolls
  19 adders
  2 orc skeletons (Orc:1)
  A shadow imp (D:7)
  4 white imps
  6 dart slugs
  95 orcs
  10 endoplasms
  2 giant cockroaches (D:1)
  3 goblins
  5 hobgoblins
  4 jackals
  16 kobolds
  3 quokkas (D:1)
  4 ball pythons
  6 bats
  4 frilled lizards
  2 rats
  A butterfly (Lair:4)
  6 tentacles (Shoals:1)
1058 creatures vanquished.

Vanquished Creatures (others)
  A deep elf pyromancer (Elf:1)
  A raiju (Abyss:2)
  A water elemental (Elf:1)
  A steam dragon (Shoals:2)
  2 lurking horrors (Abyss:2)
  2 starspawn tentacles (Abyss:2)
  8 tentacles (Shoals:1)
16 creatures vanquished.

Grand Total: 1074 creatures vanquished

Notes
Turn   | Place    | Note
-------+----------+-------------------------------------------
     0 | D:1      | CrazyBamboolord the Ogre Fighter began the quest for the
                  | Orb.
     0 | D:1      | Reached XP level 1. HP: 24/24 MP: 1/1
   132 | D:1      | Reached XP level 2. HP: 21/32 MP: 2/2
   394 | D:1      | Reached XP level 3. HP: 29/40 MP: 3/3
   970 | D:1      | You are sucked into a shaft and drop 1 floor!
  1653 | D:2      | Reached XP level 4. HP: 43/49 MP: 4/4
  2265 | D:4      | Found Beisuczy's Distillery.
  2514 | D:4      | Found Emoice Ifouth's Book Shoppe.
  2573 | D:4      | Found Yvyarr's Book Emporium.
  2582 | D:4      | Noticed a phantom
  2590 | D:4      | Reached XP level 5. HP: 48/55 MP: 5/5
  2608 | D:3      | Killed a phantom
  2609 | D:3      | Reached skill level 5 in Fighting
  2851 | D:4      | Reached XP level 6. HP: 26/66 MP: 6/6
  3003 | D:4      | Found Nekleito's Weapon Boutique.
  3048 | D:4      | Found Qaerph's Armour Emporium.
  3056 | D:4      | Bought a +0 cloak for 45 gold pieces
  3606 | D:5      | Entered Level 5 of the Dungeon
  3615 | D:5      | Noticed an ice beast
  3622 | D:5      | Killed an ice beast
  3771 | D:5      | Reached skill level 6 in Fighting
  3771 | D:5      | Reached XP level 7. HP: 64/75 MP: 7/7
  4376 | D:5      | Reached skill level 5 in Shields
  4642 | D:4      | Bought a +1 kite shield of protection for 165 gold pieces
  4745 | D:5      | Found a staircase to the Ecumenical Temple.
  4849 | Temple   | Entered the Ecumenical Temple
  4860 | Temple   | Became a worshipper of Warmaster Okawaru
  4927 | D:6      | Reached XP level 8. HP: 67/84 MP: 8/8
  5025 | D:6      | Reached skill level 7 in Fighting
  5036 | D:6      | Reached skill level 5 in Dodging
  5266 | D:6      | Identified the +5 ring mail "Jelinuir" {+Inv rElec}
  5312 | D:6      | Reached skill level 5 in Axes
  5516 | D:6      | Identified the +0 leather armour of the Bells {-Tele
                  | Will+++ rCorr SInv}
  5530 | D:6      | Reached * piety under Okawaru
  5679 | D:4      | Bought a potion of heal wounds for 55 gold pieces
  5679 | D:4      | Bought a potion of might for 44 gold pieces
  6152 | D:7      | Noticed Menkaure
  6160 | D:7      | Killed Menkaure
  6161 | D:7      | Reached skill level 8 in Fighting
  6233 | D:7      | Noticed Dowan
  6233 | D:7      | Noticed Duvessa
  6256 | D:7      | Killed Duvessa
  6258 | D:7      | Killed Dowan
  6258 | D:7      | Reached ** piety under Okawaru
  6615 | D:7      | Reached XP level 9. HP: 88/97 MP: 9/9
  6831 | D:7      | Noticed a two-headed ogre
  6832 | D:7      | Noticed a two-headed ogre
  6996 | D:6      | Killed a two-headed ogre
  6996 | D:6      | Reached *** piety under Okawaru
  6997 | D:6      | Reached skill level 9 in Fighting
  7442 | D:7      | Killed a two-headed ogre
  7442 | D:7      | Reached **** piety under Okawaru
  7536 | D:8      | Found a basalt altar of Yredelemnul.
  7600 | D:8      | Found a sparkling altar of Nemelex Xobeh.
  7602 | D:8      | Found a sacrificial altar of Ru.
  7602 | D:8      | Found a white marble altar of Elyvilon.
  7602 | D:8      | Found a burning altar of Makhleb.
  7603 | D:8      | Found an opulent altar of Gozag.
  7603 | D:8      | Found a snail-covered altar of Cheibriados.
  7603 | D:8      | Found a bloodstained altar of Trog.
  7720 | D:8      | Found a glowing silver altar of Zin.
  7720 | D:8      | Noticed an angel
  7917 | D:8      | Reached XP level 10. HP: 81/110 MP: 10/10
  8117 | D:8      | Reached skill level 10 in Fighting
  8644 | D:8      | Noticed Joseph
  8662 | D:8      | Killed Joseph
  9124 | D:9      | Found a stormy altar of Qazlal.
  9202 | D:9      | Found a staircase to the Lair.
  9730 | D:9      | Found Dahesch's Armour Emporium.
  9792 | D:9      | Reached ***** piety under Okawaru
 10099 | D:9      | Reached skill level 11 in Fighting
 10236 | D:9      | Noticed a kobold demonologist
 10249 | D:9      | Killed a kobold demonologist
 10263 | D:9      | Received a gift from Okawaru
 10341 | D:10     | Entered Level 10 of the Dungeon
 10640 | D:10     | Reached XP level 11. HP: 32/120 MP: 11/11
 10971 | D:10     | Noticed a two-headed ogre
 10976 | D:10     | Killed a two-headed ogre
 10977 | D:10     | Reached skill level 1 in Throwing
 11069 | D:10     | Found a staircase to the Orcish Mines.
 11575 | Lair:1   | Entered Level 1 of the Lair of Beasts
 11591 | Lair:1   | Noticed Amaemon
 11611 | Lair:1   | Killed Amaemon
 11825 | Lair:1   | Noticed an oklob plant
 11829 | Lair:1   | Noticed an oklob plant
 11830 | Lair:1   | Paralysed by a floating eye for 2 turns
 11915 | Lair:1   | Noticed an oklob plant
 11919 | Lair:1   | Noticed Urug
 11934 | Lair:1   | Killed Urug
 11934 | Lair:1   | Received a gift from Okawaru
 11935 | Lair:1   | Reached skill level 12 in Fighting
 11935 | Lair:1   | Reached skill level 1 in Invocations
 12507 | Lair:1   | Noticed a spriggan rider
 12508 | Lair:1   | Found a runed translucent door.
 12508 | Lair:1   | Noticed Hisole's ghost (novice GrEE)
 12508 | Lair:1   | Identified the +0 spear of Huchur {venom, rElec rF- rC+++
                  | Will-}
 13028 | Lair:1   | Reached XP level 12. HP: 122/133 MP: 14/14
 13387 | Lair:2   | Noticed a skyshark
 13415 | Lair:2   | Killed a skyshark
 13416 | Lair:2   | Reached skill level 10 in Shields
 13759 | Lair:2   | Noticed Maggie
 13768 | Lair:2   | Noticed a six-headed hydra
 13771 | Lair:2   | Killed Maggie
 13786 | Lair:2   | Killed a one-headed hydra
 13786 | Lair:2   | Received a gift from Okawaru
 13787 | Lair:2   | Reached skill level 13 in Fighting
 14131 | Lair:2   | Noticed an eight-headed hydra
 14144 | Lair:2   | Killed a one-headed hydra
 14145 | Lair:2   | Reached skill level 10 in Axes
 14309 | Lair:2   | Reached ****** piety under Okawaru
 14496 | Lair:2   | Acquired a +3 broad axe of venom
 14496 | Lair:2   | Received a gift from Okawaru
 14813 | Lair:3   | Noticed a death yak
 14815 | Lair:3   | Noticed a death yak
 14816 | Lair:3   | Noticed a death yak
 14825 | Lair:2   | Killed a death yak
 14853 | Lair:2   | Killed a death yak
 14861 | Lair:2   | Killed a death yak
 14862 | Lair:2   | Reached skill level 5 in Invocations
 15114 | Lair:3   | Acquired the +3 robe of Clouds {*Thunder rCloud rElec}
 15114 | Lair:3   | Received a gift from Okawaru
 15114 | Lair:3   | Found the +3 robe of Clouds {*Thunder rCloud rElec}
 15140 | Lair:3   | Found a staircase to the Shoals.
 15273 | Lair:3   | Noticed a five-headed hydra
 15289 | Lair:3   | Killed a one-headed hydra
 15289 | Lair:3   | Received a gift from Okawaru
 15300 | Lair:3   | Noticed a skyshark
 15315 | Lair:3   | Killed a skyshark
 15405 | Lair:3   | Reached XP level 13. HP: 130/145 MP: 17/17
 15656 | Lair:3   | Found a hole to the Spider Nest.
 15948 | Lair:4   | Reached skill level 10 in Dodging
 15963 | Lair:4   | Found a viscous altar of Jiyva.
 15969 | Lair:4   | Found a staircase to the Slime Pits.
 16072 | Lair:4   | Reached skill level 14 in Fighting
 16199 | Lair:4   | Received a gift from Okawaru
 16680 | Lair:4   | Received a gift from Okawaru
 16681 | Lair:4   | Reached skill level 5 in Throwing
 17011 | Lair:5   | Entered Level 5 of the Lair of Beasts
 17294 | Lair:5   | Received a gift from Okawaru
 17869 | Lair:5   | Reached XP level 14. HP: 138/157 MP: 19/19
 17909 | Lair:5   | Received a gift from Okawaru
 17910 | Lair:5   | Reached skill level 15 in Fighting
 18631 | Lair:5   | Received a gift from Okawaru
 19012 | Lair:5   | Got a decrepit book
 19111 | Lair:5   | Received a gift from Okawaru
 19833 | Orc:1    | Entered Level 1 of the Orcish Mines
 19859 | Orc:1    | Noticed an orc warlord
 20023 | D:10     | Killed an orc warlord
 20111 | Orc:1    | Reached XP level 15. HP: 165/169 MP: 21/21
 20216 | Orc:1    | Reached skill level 16 in Fighting
 20523 | Orc:1    | Received a gift from Okawaru
 21034 | Orc:2    | Entered Level 2 of the Orcish Mines
 21072 | Orc:2    | Found Wuitwot's Antique Weapon Shoppe.
 21221 | D:9      | Bought +1 gold dragon scales for 1131 gold pieces
 21735 | Orc:2    | Reached skill level 1 in Armour
 21941 | Orc:2    | Found Lemyel's General Store.
 21947 | Orc:2    | Bought a potion of might for 52 gold pieces
 22118 | Orc:2    | Found a staircase to the Elven Halls.
 22398 | Orc:2    | Noticed an orc warlord
 22457 | Orc:2    | Killed an orc warlord
 22482 | Orc:2    | Received a gift from Okawaru
 22733 | Orc:2    | Found Wougosurph's Antique Armour Shop.
 22735 | Orc:2    | Found Koum's Antique Weapon Boutique.
 23310 | D:11     | Reached skill level 10 in Invocations
 23599 | D:11     | Identified the +3 leather armour "Vorphonle" {Int+2}
 24219 | D:12     | Received a gift from Okawaru
 24520 | D:12     | Found a runed translucent door.
 24545 | D:12     | Received a gift from Okawaru
 24557 | D:12     | Reached XP level 16. HP: 182/182 MP: 23/23
 24564 | D:12     | Reached skill level 17 in Fighting
 24571 | D:12     | Found a runed translucent door.
 24623 | D:12     | Received a gift from Okawaru
 24647 | D:12     | Found a runed translucent door.
 25017 | D:12     | Noticed Lodul
 25345 | D:12     | Killed Lodul
 25369 | D:12     | Gained mutation: You are occasionally teleported next to
                  | monsters. [a neqoxec]
 25373 | D:12     | Lost mutation: You are occasionally teleported next to
                  | monsters. [potion of mutation]
 25373 | D:12     | Gained mutation: Your spells are a little harder to cast,
                  | but a little more powerful. [potion of mutation]
 25373 | D:12     | Gained mutation: You are dopey. (Int -2) [potion of
                  | mutation]
 25373 | D:12     | Gained mutation: You have a pair of small horns on your
                  | head. [potion of mutation]
 25385 | D:12     | Identified the +1 leather armour of Iskoud {+Blink rCorr
                  | Str+2 Dex-3}
 25567 | D:12     | Received a gift from Okawaru
 25738 | D:12     | Noticed the 27-headed Lernaean hydra
 25739 | D:12     | Found a runed translucent door.
 25992 | D:13     | Identified the +2 dagger "Vumuph" {flame, rElec rCorr Str+2
                  | Dex+3}
 26085 | D:13     | Found a gate to the Vaults.
 26181 | D:13     | You fall into a shaft and drop 2 floors!
 26181 | D:15     | Entered Level 15 of the Dungeon
 26226 | D:15     | Found a frozen archway.
 26235 | IceCv    | Entered an ice cave
 27821 | IceCv    | Reached skill level 5 in Armour
 28098 | IceCv    | Received a gift from Okawaru
 28571 | D:14     | Reached XP level 17. HP: 174/193 MP: 25/25
 28952 | D:13     | Reached skill level 18 in Fighting
 30182 | D:4      | Bought a potion of invisibility for 88 gold pieces
 30182 | D:4      | Bought a potion of resistance for 110 gold pieces
 30182 | D:4      | Bought a potion of mutation for 88 gold pieces
 30360 | Spider:1 | Entered Level 1 of the Spider Nest
 30931 | Spider:1 | Received a gift from Okawaru
 32564 | Shoals:1 | Entered Level 1 of the Shoals
 32591 | Shoals:1 | Received a gift from Okawaru
 32840 | Shoals:1 | Found Ranum's Assorted Antiques.
 32856 | Shoals:1 | Noticed Frances
 32969 | Shoals:1 | Noticed a kraken
 32982 | Shoals:1 | Killed a kraken
 33274 | Shoals:1 | Identified the +5 ring mail of the Secret Nights {Int+4
                  | Slay+5}
 33594 | Arena    | Entered the Arena
 33606 | Arena    | Killed Frances
 33691 | Shoals:1 | Bought a scroll of fear for 116 gold pieces
 33691 | Shoals:1 | Bought a potion of might for 116 gold pieces
 33691 | Shoals:1 | Bought an encrusted emerald ring for 145 gold pieces
 33691 | Shoals:1 | Bought a scroll of identify for 58 gold pieces
 33695 | Shoals:1 | Bought a scroll of identify for 58 gold pieces
 33946 | Shoals:1 | Noticed a kraken
 33955 | Shoals:1 | Killed a kraken
 34539 | Shoals:2 | Reached skill level 15 in Shields
 34771 | Shoals:2 | Received a gift from Okawaru
 35699 | Shoals:2 | Upgraded the game from 0.31-a0-853-gc9b61b78f7 to
                  | 0.31-a0-858-g469dc525a8
 35730 | Shoals:3 | Reached skill level 15 in Axes
 35861 | Shoals:3 | Reached XP level 18. HP: 204/204 MP: 27/27
 37345 | Shoals:3 | Found Ixojeovoch's Magic Scroll Boutique.
 37353 | Shoals:3 | Bought a scroll of revelation for 120 gold pieces
 37353 | Shoals:3 | Bought a scroll of fog for 64 gold pieces
 37353 | Shoals:3 | Bought a scroll of teleportation for 48 gold pieces
 37353 | Shoals:3 | Bought a scroll of teleportation for 48 gold pieces
 37353 | Shoals:3 | Bought a scroll of silence for 152 gold pieces
 38143 | Lair:1   | Killed Hisole's ghost
 38146 | Lair:1   | Received a gift from Okawaru
 38288 | Lair:1   | Paralysed by a floating eye for 3 turns
 38687 | Elf:1    | Entered Level 1 of the Elven Halls
 39282 | Abyss:2  | Cast into level 2 of the Abyss (a deep elf sorcerer)
 39375 | Abyss:2  | Reached skill level 10 in Throwing
 39379 | Abyss:2  | Noticed a bone dragon
 39637 | Abyss:2  | Noticed a bone dragon
 39659 | Abyss:2  | Lost mutation: You are very dopey. (Int -4) [a neqoxec]
 39683 | Abyss:2  | Received a gift from Okawaru
 39786 | Abyss:2  | Noticed a Hell Sentinel
 39798 | Abyss:2  | Noticed a lich
 40087 | Abyss:2  | Noticed a tentacled monstrosity
 40139 | Abyss:2  | Gained mutation: Your body sometimes deteriorates upon
                  | taking damage. [a neqoxec]
 40142 | Abyss:2  | Gained mutation: You are occasionally teleported next to
                  | monsters. [a neqoxec]
 40143 | Abyss:2  | Lost intelligence.
 40157 | Abyss:2  | Lost mutation: You are occasionally teleported next to
                  | monsters. [potion of mutation]
 40157 | Abyss:2  | Lost mutation: Your body sometimes deteriorates upon taking
                  | damage. [potion of mutation]
 40157 | Abyss:2  | Lost mutation: Your spells are a little harder to cast, but
                  | a little more powerful. [potion of mutation]
 40157 | Abyss:2  | Lost mutation: You have a pair of small horns on your head.
                  | [potion of mutation]
 40157 | Abyss:2  | Gained mutation: You have a pair of small horns on your
                  | head. [potion of mutation]
 40157 | Abyss:2  | Gained mutation: You have a pair of horns on your head.
                  | [potion of mutation]
 40157 | Abyss:2  | Gained mutation: You expend magic power (3 MP) to
                  | strengthen your wands. [potion of mutation]
 40157 | Abyss:2  | Noticed a hellephant
 40185 | Abyss:2  | Killed a hellephant
 40354 | Arena    | Entered the Arena
 40374 | Abyss:2  | Found a corrupted altar of Lugonu.
 40375 | Abyss:2  | Noticed a bone dragon
 40389 | Abyss:2  | Killed a bone dragon
 40552 | Abyss:2  | Received a gift from Okawaru
 40693 | Abyss:2  | Slain by a stone giant zombie

Illustrated notes

Levels and vault maps discovered:
D:1:      kennysheep_arrival_forest, layout_basic, dk_noncrumbling_3,
          minivault_5
D:2:      layout_basic
D:3:      layout_rooms
D:4:      layout_basic, serial_shops, shop, nicolae_shop_behind_doors, shop,
          nicolae_shop_tiny_statue_garden, nicolae_take_the_stairs
D:5:      layout_basic, temple_hall
D:6:      layout_loops_cross
D:7:      layout_loops_corners, nicolae_phantomly_mirrored, uniq_duvessa,
          uniq_menkaure
D:8:      layout_loops_corners, zin_angel, grunt_temple_overflow_open,
          yredelemnul_altar_generic, minmay_crystal_room, st_stairs_4,
          uniq_joseph
D:9:      layout_roguey, nicolae_qazlal_style_of_elements, serial_shops,
          kennysheep_little_box, special_room [special_room_kobold]
D:10:     layout_basic, hiddenorc1_lemuel
D:11:     layout_grid_maze, elves_outpost_lemuel
D:12:     layout_cave_pools, serial_demonic, serial_demonic_b, serial_demonic_b,
          serial_demonic_f, serial_demonic_d, serial_demonic_b,
          serial_demonic_b, serial_demonic_g, serial_demonic_e,
          nicolae_hydra_factorization, uniq_lodul
D:13:     layout_long_grid, david_vaults_4
D:14:     layout_gridville
D:15:     grunt_enter_depths_snipers, layout_basic,
          portal_ice_cave_entry_pillars_2, good_gods_mini_temple
Temple:   hellmonk_temple_flake
Lair:1:   lemuel_reptile_caves, layout_chaotic_city,
          ebering_ghost_funeral_grove, disabler_island, uniq_urug, uniq_amaemon
Lair:2:   layout_long_grid, uniq_maggie
Lair:3:   layout_cave_shapes, nicolae_shoals_entry_roost,
          spider_nest_entry_webs, infiniplex_staircase_pool, lemuel_fruit_fields
Lair:4:   layout_cave_pods, minmay_slime_entry_jelly_boxes, dreamdust_wasp_nest,
          lemuel_fruit_fields
Lair:5:   minmay_lair_end_enchanted_forest, layout_long_grid,
          grunt_megastairs_3, lemuel_fruit_tree
Shoals:1: layout_shoals, serial_shops, nicolae_shop_statue_plus, uniq_frances
Shoals:2: layout_shoals, nicolae_shoals_drake_roost
Shoals:3: layout_shoals, serial_shops, shop, nicolae_shoals_flooded_hall
Spider:1: layout_cave_pods
Orc:1:    dreamdust_under_siege, layout_diamond_mine
Orc:2:    grunt_orc_community_town_hall, layout_caves,
          grunt_orc_community_big_house_2, grunt_orc_community_big_house_1,
          grunt_orc_community_house_3, grunt_orc_community_house_1,
          grunt_orc_community_house_1, grunt_orc_community_house_1
Elf:1:    layout_rooms, serial_shops, shop, hangedman_elf_represent,
          hangedman_elven_crosses_minicolossus, uniq_zenata
Abyss:2:  base: Lair:1, evilmike_abyss_exit_16, patterned_corridor,
          hangedman_abyss_or_decor_jellyfish_corner, base:
D:8

Skill      XL: |  1  2  3  4  5  6  7  8  9 10 11 12 13 14 15 16 17 18 |
---------------+-------------------------------------------------------+-----
Dodging        | 3 4 5 6 8 9 10 11 12 13 | 13.3
Axes           | 3 4 5 7 8 9 10 11 12 13 15 16 | 16.0
Fighting       | 5 6 8 9 11 12 13 14 15 16 17 18 | 18.8
Shields        | 4 5 6 7 8 9 10 11 12 13 14 15 | 15.0
Throwing       | 3 4 5 6 7 8 9 10 | 10.4
Invocations    | 3 5 7 9 10 11 12 | 12.0
Armour         | 3 5 7 8 |  8.0

Action                     |  1- 3 |  4- 6 |  7- 9 | 10-12 | 13-15 | 16-18 || total
---------------------------+-------+-------+-------+-------+-------+-------++-------
  Melee: War axe           |   100 |   103 |   225 |   573 |       |       ||  1001
         Broad axe         |       |       |       |    51 |   797 |  1511 ||  2359
         Hand axe          |       |       |       |    38 |    49 |    53 ||   140
         Headbutt          |       |       |       |       |       |   382 ||   382
         Unarmed           |       |       |       |       |       |     1 ||     1
  Throw: Javelin           |       |       |       |     4 |    15 |    18 ||    37
         Large rock        |       |       |       |     2 |     7 |    60 ||    69
         Throwing net      |       |       |       |     1 |       |       ||     1
 Invoke: Heroism           |       |       |       |     2 |     1 |     5 ||     8
         Receive Weapon    |       |       |       |     1 |       |       ||     1
         Receive Armour    |       |       |       |     1 |       |       ||     1
         Finesse           |       |       |       |       |     1 |     4 ||     5
         Duel              |       |       |       |       |       |     2 ||     2
  Evoke: Wand              |       |     6 |    13 |     3 |       |       ||    22
    Use: Scroll            |     2 |     7 |     2 |    10 |     6 |    17 ||    44
         Potion            |       |     2 |     5 |       |     2 |    18 ||    27
   Stab: Sleeping          |     1 |     1 |       |       |       |       ||     2
         Invisible         |       |     1 |       |     1 |       |     3 ||     5
         Petrified         |       |       |       |       |     4 |       ||     4
 Armour: Robe              |    69 |    77 |   167 |   118 |   246 |     4 ||   681
         Steam dragon scal |       |       |       |    74 |       |       ||    74
         Acid dragon scale |       |       |       |   229 |       |       ||   229
         Gold dragon scale |       |       |       |       |   131 |  1388 ||  1519
         Skin              |       |       |       |       |       |     7 ||     7
  Dodge: Dodged            |    49 |    63 |   205 |   605 |   456 |   737 ||  2115
  Block: Kite shield       |    42 |    58 |   156 |   562 |   487 |  1103 ||  2408

Table legend: (Time is in decaauts)
 A = Elapsed time spent in this place.
 B = Non-inter-level travel time spent in this place.
 C = Inter-level travel time spent in this place.
 D = Time resting spent in this place.
 E = Time spent auto-exploring this place.
 F = Levels seen in this place.
 G = Mean time per level.
                   A        B        C        D        E       F      G
               +--------+--------+--------+--------+--------+-----+--------+
         Total |  41161 |  38512 |   2649 |   7829 |  23122 |  33 | 1247.3 |
       Dungeon |  17861 |  16117 |   1744 |   2591 |  10784 |  15 | 1190.7 |
        Temple |     22 |      2 |     20 |      0 |      0 |   1 |   22.0 |
          Lair |   9259 |   8839 |    420 |   1817 |   5334 |   5 | 1851.8 |
        Shoals |   5237 |   5161 |     76 |    798 |   3593 |   3 | 1745.7 |
   Spider Nest |   1880 |   1847 |     33 |     91 |   1459 |   1 | 1880.0 |
  Orcish Mines |   2826 |   2473 |    353 |    269 |   1546 |   2 | 1413.0 |
   Elven Halls |    406 |    406 |      0 |      2 |    260 |   1 |  406.0 |
         Abyss |   1614 |   1614 |      0 |    814 |    145 |   2 |  807.0 |
      Ice Cave |   2010 |   2010 |      0 |   1433 |      0 |   1 | 2010.0 |
         Arena |     41 |     41 |      0 |     13 |      0 |   2 |   20.5 |
               +--------+--------+--------+--------+--------+-----+--------+

Top non-repeatable levels by time:
  Lair:1: 2371 daAuts
  Lair:5: 2108 daAuts
Shoals:3: 2087 daAuts
   IceCv: 2010 daAuts
Spider:1: 1880 daAuts
    D:11: 1843 daAuts
  Lair:2: 1792 daAuts
  Lair:4: 1758 daAuts
    D:10: 1744 daAuts
   Orc:2: 1729 daAuts
Shoals:1: 1723 daAuts
     D:4: 1633 daAuts
 Abyss:2: 1614 daAuts
     D:9: 1503 daAuts
     D:6: 1502 daAuts
